 Dungeon Crawl Stone Soup version 0.28-b1-70-g80dc712255 (webtiles) character file.

Game seed: 607767369567911996

811 growler the Gusty (level 7, -1/36 HPs)
             Began as a Tengu Air Elementalist on Feb 3, 2022.
             Killed from afar by an orc wizard (9 damage)
             ... with a puff of flame
             ... on level 5 of the Dungeon.
             The game lasted 00:13:02 (7482 turns).

growler the Gusty (Tengu Air Elementalist)          Turns: 7482, Time: 00:13:03

Health: -1/36      AC:  6    Str:  8    XL:     7   Next: 93%
Magic:  2/15       EV: 14    Int: 17    God:
Gold:   266        SH:  0    Dex: 15    Spells: 5/15 levels left

rFire   . . .      SeeInvis .   (no weapon)
rCold   . . .      Faith    .   (no shield)
rNeg    . . .      Spirit   .   a - +0 robe
rPois   .          Reflect  .   (helmet restricted)
rElec   .          Harm     .   (no cloak)
rCorr   .          Rampage  .   (no gloves)
Will    .....                   (boots unavailable)
Stlth   ++........              (no amulet)
HPRegen 0.12/turn               e - +4 ring of protection
MPRegen 0.14/turn               (no ring)

@: flying quickly and evasively, quick
A: beak, talons 3, nimble flight
a: no special abilities


You were on level 5 of the Dungeon.
You visited 1 branch of the dungeon, and saw 5 of its levels.

You collected 266 gold pieces.

Inventory:

Missiles
 l - a throwing net {!f}
Armour
 a - a +0 robe (worn)
 j - a +0 pair of gloves
   (You found it on level 3 of the Dungeon)
Jewellery
 e - a +4 ring of protection (left hand)
   (You found it on level 2 of the Dungeon)
 i - a +6 ring of intelligence
   (You found it on level 3 of the Dungeon)
Wands
 t - a wand of flame (13)
   (You found it on level 4 of the Dungeon)
Scrolls
 c - a scroll of identify {@r1}
 d - a scroll of teleportation {unknown}
 k - a scroll of fear {unknown}
Potions
 b - a potion of lignification {!q}
 f - a potion of heal wounds {unknown}
 g - 2 potions of degeneration {unknown}
 h - 2 potions of might {unknown}
 m - a potion of curing {@q1}
 n - a potion of mutation {unknown}


   Skills:
 - Level 2.1 Dodging
 - Level 2.0 Stealth
 + Level 4.9 Spellcasting
 + Level 6.5 Conjurations
 + Level 7.6 Air Magic


You had 5 spell levels left.
You knew the following spells:

 Your Spells              Type           Power      Damage    Failure   Level
a - Shock                 Conj/Air       100%       1d9       1%          1
b - Airstrike             Air            15%        N/A       6%          4
d - Static Discharge      Conj/Air       28%        N/A       1%          2
s - Swiftness             Air            30%        N/A       1%          3

Your spell library contained the following spells:

 Spells                   Type           Power      Damage    Failure   Level
 Inner Flame              Hex/Fire       4%         N/A       41%         3
 Cause Fear               Hex            2%         N/A       82%         4
 Discord                  Hex            2%         N/A       100%        8


Dungeon Overview and Level Annotations

Branches:
Dungeon (5/15)
 Temple: D:4-7

Altars:
Fedhas
Okawaru

Annotations:
D:3 3 runed translucent doors, DemonSlayer's ghost, amateur DEFE


Innate Abilities, Weirdness & Mutations

You have a beak for a mouth.
You have claws for feet.
Your magical nature lets you fly swiftly and evasively.


Message History

Aim: an orc wizard, wielding a +0 dagger and wearing a +0 robe (asleep, 100% to hit)
The zap hits the orc wizard.
The orc wizard shouts!
You hear a shout!
Aim: an orc wizard, wielding a +0 dagger and wearing a +0 robe (heavily wounded, 67% to hit)
The zap misses the orc wizard.
An orc warrior comes into view. It is wielding a +0 battleaxe.
Aim: an orc wizard, wielding a +0 dagger and wearing a +0 robe (heavily wounded, 67% to hit)
The zap hits the orc wizard!
Aim: an orc wizard, wielding a +0 dagger and wearing a +0 robe (almost dead, 67% to hit)
The zap hits the orc wizard.
You kill the orc wizard!
Aim: an orc warrior, wielding a +0 battleaxe and wearing a +0 chain mail (71% to hit)
The zap misses the orc warrior.
The spell is quite dangerous to miscast (7% risk of failure)!
Continue anyway?
Okay, then.
The spell is quite dangerous to miscast (7% risk of failure)!
Continue anyway?
Aim: an orc warrior, wielding a +0 battleaxe and wearing a +0 chain mail (empty space bonus: 5/8)
The air twists around and strikes the orc warrior!
The spell is quite dangerous to miscast (7% risk of failure)!
Continue anyway?
Aim: an orc warrior, wielding a +0 battleaxe and wearing a +0 chain mail (moderately wounded, empty space bonus: 6/8)
The air twists around and strikes the orc warrior!
The spell is quite dangerous to miscast (7% risk of failure)!
Continue anyway?
Aim: an orc warrior, wielding a +0 battleaxe and wearing a +0 chain mail (severely wounded, empty space bonus: 8/8)
The air twists around and strikes the orc warrior!
An orc wizard comes into view. It is wielding a +0 dagger.
The orc warrior hits you with a +0 battleaxe!
The orc wizard mumbles some strange words.
The orc wizard flickers and vanishes!
Deactivating autopickup; reactivate with Ctrl-A.
A two-headed ogre comes into view.
It is wielding two +0 giant spiked clubs.
The orc warrior is struck by an arc of lightning!
You kill the orc warrior!
You are struck by an arc of lightning.
Something hits you but does no damage.
You hear some strange, mumbled words.
You are confused.
You miss something. Your peck misses something.
Something hits you but does no damage.
The two-headed ogre hits you with a +0 giant spiked club!
* * * LOW HITPOINT WARNING * * *
The two-headed ogre completely misses you.
Something hits you.
* * * LOW HITPOINT WARNING * * *
Something hits you but does no damage.
You feel less confused.
There is a stone staircase leading up here.
You hear some strange, mumbled words.
A puff of flame appears from out of thin air!
The puff of flame hits you!
You die...

##......##................#....#.
........................##......
) ...#.#.....#... #..............
.. ..._......#...##....#.....#...
...#.#.#.........#....###.#..#...
.<..?..............O#..#.##......
.............#.##.{.#.O..........
.............# ##.###..#......#.#
.^..........## #@.# #............
...........######.###............
....#####...#.###..#..#).........
...##.##........#.....#.......##.
............##..##.....##.......#
..>#...#....###.###.....#.......#
. ######...#...##..##.#........#
#.............####....#...#
##............## #..###..#


You could see a two-headed ogre.

Vanquished Creatures
  Duvessa (D:4)
  An orc warrior (D:5)
  Dowan (D:4)
  3 wights (D:4)
  A howler monkey (D:4)
  A hound (D:4)
  An orc priest (D:4)
  2 iguanas (D:4)
  5 orc wizards
  A hound zombie (D:5)
  A howler monkey skeleton (D:5)
  3 gnolls (D:4)
  5 adders
  An ufetubus (D:4)
  A worm (D:2)
  6 dart slugs
  7 orcs
  5 endoplasms
  2 giant cockroaches (D:1)
  2 hobgoblins
  4 kobolds
  3 quokkas
  3 ball pythons
  2 bats
  6 frilled lizards
  6 goblins
  2 rats (D:2)
76 creatures vanquished.

Notes
Turn   | Place    | Note
-------+----------+-------------------------------------------
     0 | D:1      | growler the Tengu Air Elementalist began the quest for the
                  | Orb.
     0 | D:1      | Reached XP level 1. HP: 10/10 MP: 4/4
   248 | D:1      | Reached XP level 2. HP: 15/15 MP: 0/6
   251 | D:1      | Learned a level 2 spell: Static Discharge
   948 | D:1      | Found a faded altar of an unknown god.
  1457 | D:2      | Reached XP level 3. HP: 19/19 MP: 2/7
  2323 | D:2      | Reached XP level 4. HP: 5/24 MP: 1/9
  2951 | D:3      | Reached skill level 5 in Air Magic
  2977 | D:3      | Found a runed translucent gate.
  2977 | D:3      | Found a runed translucent gate.
  2978 | D:3      | Found a runed translucent gate.
  2993 | D:3      | Noticed DemonSlayer's ghost (amateur DEFE)
  3406 | D:3      | Learned a level 3 spell: Swiftness
  3612 | D:4      | Gained mutation: Your magical nature lets you fly swiftly
                  | and evasively. [Tengu growth]
  3612 | D:4      | Reached XP level 5. HP: 27/28 MP: 7/10
  3617 | D:4      | Learned a level 4 spell: Airstrike
  3657 | D:4      | Found a blossoming altar of Fedhas.
  3776 | D:4      | Reached XP level 6. HP: 12/32 MP: 0/12
  3788 | D:4      | Reached skill level 6 in Air Magic
  4044 | D:4      | Reached skill level 5 in Conjurations
  4094 | D:4      | Noticed Duvessa
  4185 | D:4      | Noticed Dowan
  4201 | D:4      | Killed Duvessa
  4202 | D:4      | Reached XP level 7. HP: 7/36 MP: 1/14
  6314 | D:4      | Reached skill level 7 in Air Magic
  6487 | D:4      | Killed Dowan
  7223 | D:5      | Entered Level 5 of the Dungeon
  7405 | D:5      | Found an iron altar of Okawaru.
  7463 | D:5      | Noticed a two-headed ogre
  7482 | D:5      | Killed from afar by an orc wizard

Illustrated notes

Levels and vault maps discovered:
D:1:      dpeg_arrival_houses_and_road, layout_loops_ring,
          hellmonk_ecumenical_altar_crossroads, st_stairs_10,
          chequers_serial_rivers_room_a
D:2:      layout_loops_ring
D:3:      layout_rooms, gammafunk_ghost_necromancy
D:4:      layout_gridville, fedhas_altar_2, uniq_duvessa
D:5:      layout_cave_pools, okawaru_metal_pillars_1_2,
          minmay_temple_entry_trees, minivault_23, minmay_misc_feat_ornament

Skill      XL: |  1  2  3  4  5  6  7 |
---------------+----------------------+-----
Conjurations   | 2 3 4 5 6 |  6.5
Air Magic      | 5 6 7 |  7.6
Spellcasting   | 3 4 |  4.9
Dodging        | |  2.1
Stealth        | |  2.0

Action                   |  1- 3 |  4- 6 |  7- 9 || total
-------------------------+-------+-------+-------++-------
Melee: Unarmed           |     1 |     6 |     2 ||     9
       Kick              |       |     4 |       ||     4
       Peck              |       |     1 |       ||     1
 Cast: Shock             |    83 |    44 |    26 ||   153
       Static Discharge  |     3 |    23 |    17 ||    43
       Airstrike         |       |       |     5 ||     5
  Use: Scroll            |       |       |     2 ||     2
Armor: Robe              |     4 |    12 |    10 ||    26
Dodge: Dodged            |     9 |    20 |     9 ||    38
